 Dungeon Crawl Stone Soup version 0.28.0-47-ge53b351184 (webtiles) character file.

Game seed: 9477657183015199683

189 pkoi the Grave Robber (level 5, -1/41 HPs)
             Began as a Demigod Necromancer on May 2, 2022.
             Slain by a hobgoblin zombie (3 damage)
             ... in an ossuary.
             The game lasted 00:06:22 (5450 turns).

pkoi the Grave Robber (Demigod Necromancer)         Turns: 5450, Time: 00:06:23

Health: -1/41      AC: 12    Str:  9    XL:     5   Next: 17%
Magic:  11/11      EV: 12    Int: 21    God:
Gold:   141        SH:  0    Dex: 14    Spells: 4/8 levels left

rFire   . . .      SeeInvis +   j - +4 trident "Xezakol" {vorpal, rElec rN+ SInv}
rCold   . . .      Faith    .   (no shield)
rNeg    + . .      Spirit   .   q - +1 animal skin
rPois   .          Reflect  .   r - +2 helmet
rElec   +          Harm     .   (no cloak)
rCorr   .          Rampage  .   (no gloves)
Will    .....                   k - +1 pair of boots
Stlth   ++........              (no amulet)
HPRegen 0.13/turn               c - +4 ring of protection
MPRegen 0.12/turn               (no ring)

@: marked
A: high MP 1, forlorn, divine attributes
a: no special abilities


You were in an ossuary.
You visited 1 branch of the dungeon, and saw 4 of its levels.
You also visited: Ossuary.

You collected 141 gold pieces.

Inventory:

Hand Weapons
 f - a +0 club
 h - a +0 short sword
 j - the +4 trident "Xezakol" (weapon) {vorpal, rElec rN+ SInv}
   (You found it on level 2 of the Dungeon)

   It inflicts extra damage upon your enemies.
   rElec:     It insulates you from electricity.
   rN:        It protects you from negative energy.
   SInv:      It lets you see invisible.
 m - a +1 dagger of protection
Missiles
 s - 4 atropa-tipped darts
Armour
 a - a +0 robe
 k - a +1 pair of boots (worn)
 q - a +1 animal skin (worn)
 r - a +2 helmet (worn)
Jewellery
 c - a +4 ring of protection (left hand)
Scrolls
 i - a scroll of identify
Potions
 d - a potion of mutation
 g - 2 potions of curing
 n - 2 potions of heal wounds


   Skills:
 + Level 1.8 Fighting
 + Level 1.7 Armour
 - Level 1.7 Dodging
 - Level 1.7 Stealth
 + Level 2.2 Spellcasting
 + Level 5.0 Necromancy


You had 4 spell levels left.
You knew the following spells:

 Your Spells              Type           Power      Damage    Failure   Level
a - Pain                  Necr           92%        1d8       1%          1
b - Vampiric Draining     Necr           23%        2d7       5%          3

Your spell library contained the following spells:

 Spells                   Type           Power      Damage    Failure   Level
 Animate Skeleton         Necr           46%        N/A       1%          1
 Foxfire                  Conj/Fire      8%         2x1d4     14%         1
 Animate Dead             Necr           11%        N/A       19%         4
 Conjure Flame            Conj/Fire      2%         6-21      41%         3
 Ignite Poison            Fire/Tmut/Pois 2%         N/A       41%         3
 Inner Flame              Hex/Fire       2%         N/A       41%         3
 Mephitic Cloud           Conj/Pois/Air  2%         N/A       41%         3
 Flame Wave               Conj/Fire      2%         2d4       82%         4
 Agony                    Necr           23%        N/A       45%         5
 Freezing Cloud           Conj/Ice/Air   1%         6-21      99%         5


Dungeon Overview and Level Annotations

Branches:
Dungeon (4/15)            Ossuary (1/1)
 Temple: D:4-7

Annotations:
D:3 3 runed translucent doors, Zeld's ghost, amateur MiBe


Innate Abilities, Weirdness & Mutations

You have an increased reservoir of magic. (+10% MP)
You shall have no god before yourself.
Your divine heritage dramatically boosts your attributes as you level up.


Message History

You hit the mummy.
The mummy is heavily damaged.
The hobgoblin zombie misses you. The mummy hits you.
The hobgoblin zombie closely misses you.
You completely miss the mummy.
The mummy is heavily damaged.
The mummy closely misses you.
The hobgoblin zombie hits you but does no damage. x2
The mummy hits you!
* * * LOW HITPOINT WARNING * * *
You are too injured to fight recklessly!
You are too injured to fight recklessly!
You are too injured to fight recklessly!
You are too injured to fight recklessly!
You are too injured to fight recklessly!
Unknown command.
You hit the hobgoblin zombie.
The hobgoblin zombie is almost destroyed.
The mummy misses you. The hobgoblin zombie barely misses you.
The hobgoblin zombie closely misses you.
You puncture the hobgoblin zombie!
You destroy the hobgoblin zombie!
The mummy misses you. The hobgoblin zombie barely misses you.
The mummy closely misses you.
You hit the adder zombie but do no damage.
The adder zombie closely misses you. The hobgoblin zombie hits you.
* * * LOW HITPOINT WARNING * * *
The mummy hits you!
* * * LOW HITPOINT WARNING * * *
The adder zombie bites you but does no damage.
The mummy hits you.
* * * LOW HITPOINT WARNING * * *
You barely miss the adder zombie.
An elf zombie comes into view.
The adder zombie misses you. The hobgoblin zombie misses you.
The mummy hits you!
* * * LOW HITPOINT WARNING * * *
You closely miss the adder zombie. The adder zombie barely misses you.
The hobgoblin zombie hits you.
You die...

#...##############...#
#...# #...# #...#
#...# #...# #...#
#...# ....+####...#
#...# #.∩.....#...#
#...# #.......#...#
#...# #Z......#...#
#...#Z####MZ.....#...#
#...#ZZZZ@MZ.....#...#
#...#Z####ZZ####.#...#
#...# #Z.# #...# #...#
#..# #...#
#...######..######...#
#....................#
#........8..8........#
#....................#
#....................#


You could see 2 mummies, an adder zombie, a rat zombie, 2 goblin zombies, a
hobgoblin zombie, 4 kobold zombies, an orc zombie and 2 elf zombies.

Vanquished Creatures
  A mummy (D:4)
  Robin (D:2)
  6 adders
  An adder skeleton (D:4)
  A worm (D:3)
  4 dart slugs
  An orc (D:2)
  4 endoplasms
  2 giant cockroaches (D:3)
  12 goblins
  8 hobgoblins
  6 jackals
  3 quokkas
  8 ball pythons
  8 bats
  5 frilled lizards
  10 hobgoblin zombies (Ossuary)
  5 kobolds
  4 kobold zombies (Ossuary)
  7 orc zombies (Ossuary)
  3 rats (D:3)
  A rat zombie (Ossuary)
101 creatures vanquished.

Vanquished Creatures (collateral kills)
  A giant cockroach (D:4)
1 creature vanquished.

Grand Total: 102 creatures vanquished

Notes
Turn   | Place    | Note
-------+----------+-------------------------------------------
     0 | D:1      | pkoi the Demigod Necromancer began the quest for the Orb.
     0 | D:1      | Reached XP level 1. HP: 14/14 MP: 5/5
   241 | D:1      | Reached skill level 4 in Necromancy
   514 | D:1      | Reached XP level 2. HP: 16/20 MP: 2/7
  1171 | D:2      | Identified the +4 trident "Xezakol" {vorpal, rElec rN+
                  | SInv}
  1393 | D:2      | Reached XP level 3. HP: 14/27 MP: 8/8
  1790 | D:2      | Reached skill level 1 in Fighting
  1961 | D:2      | Reached skill level 1 in Armour
  2095 | D:2      | Learned a level 3 spell: Vampiric Draining
  2519 | D:2      | Reached XP level 4. HP: 30/35 MP: 4/9
  3101 | D:3      | Noticed Robin
  3244 | D:2      | Killed Robin
  3745 | D:3      | Found a runed translucent gate.
  3745 | D:3      | Found a runed translucent gate.
  3747 | D:3      | Found a runed translucent gate.
  3749 | D:3      | Noticed Zeld's ghost (amateur MiBe)
  4877 | D:4      | Reached skill level 5 in Necromancy
  5161 | D:4      | Found a sand-covered staircase.
  5169 | D:4      | Reached XP level 5. HP: 20/41 MP: 11/11
  5175 | Ossuary  | Entered an ossuary
  5449 | Ossuary  | HP: 2/41 [mummy (13)]
  5450 | Ossuary  | Slain by a hobgoblin zombie

Illustrated notes

Levels and vault maps discovered:
D:1:      amcnicky_arrival_wind_blow, layout_rooms, minmay_stone_trees_small
D:2:      minmay_door_path, layout_basic
D:3:      layout_basic, nicolae_gozag_seed_capital, ebering_ghost_rock_garden,
          minmay_misc_feat_more_columns, st_stairs_10,
          kennysheep_generic_room_14, uniq_robin
D:4:      layout_loops_ring, gup_ossuary_entry_pyramid, hex_large
Ossuary:  ossuary_tomb_1

Skill      XL: |  1  2  3  4 |
---------------+-------------+-----
Necromancy     | 4 5 |  5.0
Fighting       | 1 |  1.8
Armour         | 1 |  1.7
Spellcasting   | 2 |  2.2
Dodging        | |  1.7
Stealth        | |  1.7

Action                   |  1- 3 |  4- 6 || total
-------------------------+-------+-------++-------
Melee: Club              |     1 |       ||     1
       Trident           |    18 |    77 ||    95
       Short sword       |     7 |       ||     7
 Cast: Pain              |    65 |    64 ||   129
  Use: Scroll            |       |     9 ||     9
 Stab: Sleeping          |       |     2 ||     2
Armor: Robe              |    21 |     4 ||    25
       Animal skin       |       |    24 ||    24
Dodge: Dodged            |    42 |    57 ||    99
